cohdb
Replays
Latest Replays
All Replays
Popular Replays
Top Player Replays
Match Explorer
How It Works
Community
CoH3 Stats
Reddit
Sign in to upload your games and track your stats! →
Sign in with Steam
Match 41117525
Unlisted
Match 41117525
Overview
Messages
Build Orders
End
Pioneer Squad
Construct Infanterie Kompanie
Selects Mechanized Battlegroup
Grenadier Squad
MG 42 Machine Gun Team
Grenadier Squad
Infanterie Officer Quarters
Construct Panzergrenadier Kompanie
Selects Raid Package
Panzergrenadier Squad
Pak 40 Anti-tank Gun Team
Pak 40 Anti-tank Gun Team
Panzergrenadier Officer Quarters
Selects StuG Assault Group
StuG Assault Group
Medical Bunker
StuG Assault Group
Support Elements
Side Skirts
Selects Panther Heavy Tank
Selects Spotting Scopes
Nebelwerfer 42 Rocket Launcher Team
Panther Heavy Tank
^3
Testicular Chewing Goat
0
0
Comments
sign in to comment!
No comments posted yet!